 Dungeon Crawl Stone Soup version 0.25-a0-419-g7650d0de75 (webtiles) character file.

Game seed: 854145675240492984, levelgen mode: deterministic

555 Borgoz the Skirmisher (level 7, 11/44 HPs)
             Began as a Gargoyle Berserker on Jan 17, 2020.
             Was a Priest of Trog.
             Quit the game on level 4 of the Dungeon.
             The game lasted 00:06:17 (3164 turns).

Borgoz the Skirmisher (Gargoyle Berserker)          Turns: 3164, Time: 00:06:18

Health: 11/44      AC: 12    Str: 20    XL:     7   Next: 30%
Magic:  7/7        EV: 11    Int:  8    God:    Trog [***...]
Gold:   92         SH:  0    Dex: 11    Spells: 6/6 levels left

rFire    + . .     SeeInvis .   a - +0 mace
rCold    . . .     Gourm    .   (no shield)
rNeg     + . .     Faith    .   e - +0 scale mail
rPois    ∞         Spirit   .   (no helmet)
rElec    +         Reflect  .   (no cloak)
rCorr    .         Harm     .   (no gloves)
MR       .....                  (no boots)
Stlth    ..........             (no amulet)
HPRegen  0.14/turn              (no ring)
MPRegen  0.10/turn              l - ring of protection from fire

@: no status effects
A: negative energy resistance 1, electricity resistance, unbreathing,
petrification resistance, rot immunity, AC +4
a: Berserk, Trog's Hand, Renounce Religion


You were on level 4 of the Dungeon.
You worshipped Trog.
Trog was most pleased with you.
You were not hungry.

You visited 1 branch of the dungeon, and saw 4 of its levels.
You also visited: Sewer.

You collected 92 gold pieces.

Inventory:

Hand Weapons
 a - a +0 mace (weapon)
Armour
 e - a +0 scale mail (worn)
Jewellery
 j - an uncursed ring of ice
 l - a ring of protection from fire (right hand)
 m - an uncursed ring of fire
Scrolls
 b - a scroll of enchant armour {unknown}
 f - a scroll of amnesia {unknown}
 g - a scroll of fog
 h - 2 scrolls of remove curse
 p - a scroll of blinking
 s - 4 scrolls of teleportation
 v - 3 scrolls of random uselessness
Potions
 d - 2 potions of magic {unknown}
 i - a potion of might
 k - 2 potions of brilliance
 n - 3 potions of heal wounds
 q - 2 potions of flight
 r - 2 potions of haste {unknown}
 t - a potion of mutation {unknown}
 u - a potion of degeneration {unknown}
 w - a potion of curing {unknown}
Comestibles
 c - 7 rations


   Skills:
 + Level 5.3 Fighting
 + Level 4.8 Maces & Flails
 + Level 4.5 Armour
 + Level 3.3 Dodging


You had 6 spell levels left.
You didn't know any spells.
Your spell library was empty.

Dungeon Overview and Level Annotations

Branches:
Dungeon (4/15)              Sewer (visited)
 Temple: D:4-7

Altars:


Innate Abilities, Weirdness & Mutations

You are resistant to torment.
Your stone body is resilient. (AC +4)
You are immune to poison.
You resist negative energy. (rN+)
You are resistant to electric shocks. (rElec)
You can survive without breathing.
You are immune to petrification.
You are immune to rotting.


Message History

* * * LOW HITPOINT WARNING * * *
You thump Dowan!
Dowan is almost dead.
Dowan hits you but does no damage. Dowan completely misses you.
You hit Dowan.
You kill Dowan!
Trog accepts your kill.
Trog appreciates your killing of a magic user.
Things that are here:
a +3 dagger of venom; a cursed +0 robe
(D) Dungeon
Where to? (Enter - D:4 @ (x,y), ? - help) Eating a chunk of flesh.
You eat the chunk of flesh.
This raw flesh tastes terrible.
Found a robe.
There is a collapsed entrance here.
You can't go down here!
Quiver which item? (- for none, * to show all) (? for menu, Esc to quit)
Okay, then.
Are you sure you want to abandon this character and quit the game? (Confirm with "yes".)

*******#####.##.###..#.#*,*
*,,,...........#..#.#*,*
*,**#####.#....#..#,**,*
*,* #.#....#..#,**,*
*,*######.#....#..#,**,*
*,*#...........#..#,**,*
#.##.#.........#..#,**,*
#........#.....#..#,**,,
*.#....@.[.....#,,*,****
*,##.....#.......,*,****
*,*#..........##..*,,,,,
*,*#.............#******
*,........#.#....,,,,*
*##########.#####***,* *,#
*,* *,* *,* *,********,*


There were no monsters in sight!

Vanquished Creatures
  Grinder (D:3)
  Duvessa (D:4)
  Dowan (D:4)
  A worker ant (D:4)
  2 river rats (D:4)
  5 adders
  3 worms (D:3)
  A dart slug (D:2)
  4 leopard geckos
  4 orcs (D:3)
  9 bats
  2 giant cockroaches
  6 goblins
  6 hobgoblins
  12 jackals
  2 quokkas
  6 ball pythons
  8 frilled lizards
  14 kobolds
  7 rats
  3 plants (Sewer)
98 creatures vanquished.

Notes
Turn   | Place    | Note
-------+----------+-------------------------------------------
     0 | D:1      | Borgoz the Gargoyle Berserker began the quest for the Orb.
     0 | D:1      | Reached XP level 1. HP: 14/14 MP: 1/1
   139 | D:1      | Reached XP level 2. HP: 19/19 MP: 2/2
   483 | D:1      | Reached XP level 3. HP: 23/23 MP: 3/3
   537 | D:1      | Reached ** piety under Trog
  1482 | D:2      | Reached XP level 4. HP: 29/29 MP: 4/4
  1681 | D:3      | Noticed Grinder
  1699 | D:3      | Killed Grinder
  1699 | D:3      | Reached skill level 4 in Fighting
  1699 | D:3      | Reached XP level 5. HP: 26/34 MP: 5/5
  1699 | D:3      | Reached XP level 6. HP: 29/39 MP: 6/6
  2525 | D:4      | Found a glowing drain.
  2569 | Sewer    | Entered a sewer
  2600 | Sewer    | Reached *** piety under Trog
  2841 | Sewer    | Reached skill level 5 in Fighting
  3098 | D:4      | Noticed Duvessa
  3131 | D:4      | Killed Duvessa
  3131 | D:4      | Reached XP level 7. HP: 9/44 MP: 7/7
  3136 | D:4      | Noticed Dowan
  3147 | D:4      | Killed Dowan
  3164 | D:4      | Quit the game

Levels and vault maps discovered:
D:1:      dpeg_arrival_simpleton_a, layout_basic, minmay_split_cup_small
D:2:      layout_basic
D:3:      layout_loops_corners, first_ration, uniq_grinder
D:4:      layout_basic, nicolae_overflow_hidden_temple, portal_sewer_entry_c,
          nicolae_ossuary_entry_ruins, uniq_duvessa, uniq_sigmund

Skill      XL: |  1  2  3  4  5  6 |
---------------+-------------------+-----
Dodging        | 2 3 |  3.3
Armour         | 3 4 |  4.5
Fighting       | 4 5 |  5.3
Maces & Flails | 4 |  4.8

Action                   |  1- 3 |  4- 6 |  7- 9 || total
-------------------------+-------+-------+-------++-------
Melee: Mace              |   121 |   404 |    11 ||   536
Invok: Berserk           |       |     1 |       ||     1
  Use: Scroll            |       |    10 |       ||    10
  Eat: Chunk             |     2 |     7 |     1 ||    10
Armor: Animal skin       |     7 |       |       ||     7
       Scale mail        |    74 |   176 |     7 ||   257
Dodge: Dodged            |    84 |   213 |     9 ||   306

Table legend:
 A = Non-vault XP
 B = Vault XP
 C = Vault XP percentage of total XP
 D = Non-vault monster count
 E = Vault monster count
 F = Vault count percentage of total count
                 A         B        C        D         E       F
            +---------+---------+-------+---------+---------+-------
      Total |     205 |     589 |  74.2 |      64 |      31 |  32.6
            +---------+---------+-------+---------+---------+-------
        D:1 |      44 |       5 |  10.2 |      26 |       3 |  10.3
        D:2 |      35 |       0 |   0.0 |      12 |       0 |   0.0
        D:3 |      65 |     286 |  81.5 |      22 |       1 |   4.3
        D:4 |      61 |     274 |  81.8 |       4 |      10 |  71.4
      Sewer |       0 |      24 | 100.0 |       0 |      17 | 100.0
            +---------+---------+-------+---------+---------+-------
